 Dungeon Crawl Stone Soup version 0.29-a0-887-gcbe080d7e0 (webtiles) character file.

Game seed: 2131997713135608744

1449 lunkers the Trooper (level 8, -1/74 HPs)
             Began as a Demigod Wanderer on July 21, 2022.
             Slain by a gnoll sergeant
             ... wielding a +0 trident
              (10 damage)
             ... on level 5 of the Dungeon.
             The game lasted 00:06:33 (5822 turns).

lunkers the Trooper (Demigod Wanderer)              Turns: 5822, Time: 00:06:33

Health: -1/74      AC: 14    Str: 19    XL:     8   Next: 22%
Magic:  10/10      EV:  7    Int: 11    God:
Gold:   267        SH:  0    Dex: 18    Spells: 7/7 levels left

rFire   . . .      SeeInvis .   e - +2 hand axe (drain)
rCold   + . .      Faith    .   (no shield)
rNeg    . . .      Spirit   .   x - +2 chain mail {rC+}
rPois   .          Reflect  .   k - +0 helmet
rElec   .          Harm     .   A - +0 cloak
rCorr   .          Rampage  .   g - +1 pair of gloves
Will    .....                   (no boots)
Stlth   ..........              (no amulet)
HPRegen 0.22/turn               (no ring)
MPRegen 0.12/turn               (no ring)

@: no status effects
A: high MP 1, forlorn, divine attributes
a: no special abilities


You were on level 5 of the Dungeon.
You visited 1 branch of the dungeon, and saw 5 of its levels.
You also visited: Sewer.

You collected 267 gold pieces.

Inventory:

Hand Weapons
 a - a +3 hand axe
 e - a +2 hand axe of draining (weapon)
 f - a +0 long sword
Missiles
 i - 9 throwing nets
Armour
 g - a +1 pair of gloves (worn)
 k - a +0 helmet (worn)
 r - the +1 robe of Resourcefulness {rCorr}
   (You found it on level 2 of the Dungeon)

   rCorr:     It protects you from acid and corrosion.
 x - a +2 chain mail of cold resistance (worn)
 A - a +0 cloak (worn)
Jewellery
 o - a ring of fire
Scrolls
 b - a scroll of enchant armour
 c - a scroll of identify
Potions
 d - a potion of haste {unknown}
 j - 2 potions of ambrosia {unknown}
 l - a potion of attraction {unknown}
 m - a potion of resistance
 s - 2 potions of curing
 u - a potion of brilliance {unknown}
 w - 3 potions of degeneration {unknown}
 z - a potion of lignification {unknown}


   Skills:
 + Level 7.6 Fighting
 - Level 1.7(4.7) Axes
 * Level 6.9(7.1) Maces & Flails
 - Level 1.0 Armour
 - Level 1.0 Dodging
 - Level 1.0 Evocations


You had 7 spell levels left.
You didn't know any spells.
Your spell library contained the following spells:

 Spells                   Type           Power      Damage    Failure   Level
 Necrotise                Necr           0%         1d4       99%         1
 Sandblast                Erth           0%         2d4       99%         1
 Ensorcelled Hibernation  Hex/Ice        0%         N/A       100%        2
 Passwall                 Tmut/Erth      0%         N/A       100%        2
 Stone Arrow              Conj/Erth      0%         3d7       100%        3
 Swiftness                Air            0%         N/A       100%        3
 Vampiric Draining        Necr           0%         2d6       100%        3
 Agony                    Necr           0%         N/A       100%        5


Dungeon Overview and Level Annotations

Branches:
Dungeon (5/15)             Temple (0/1) D:4           Sewer (visited)

Portals:
Abyss: D:3

Annotations:
D:3 2 transporters, Bl4cKSa5uke's ghost, amateur OpFi
D:5 Pikel


Innate Abilities, Weirdness & Mutations

You have an increased reservoir of magic. (+10% MP)
You shall have no god before yourself.
Your divine heritage dramatically boosts your attributes as you level up.


Message History

The gnoll sergeant hits you but does no damage.
The gnoll sergeant barely misses you.
You hit the gnoll sergeant. You drain the gnoll sergeant.
The gnoll sergeant is almost dead.
The gnoll sergeant hits you from afar with a +0 trident.
* * * LOW HITPOINT WARNING * * *
The gnoll sergeant closely misses you. The gnoll sergeant barely misses you.
The gnoll sergeant hits you but does no damage.
The gnoll sergeant blocks your attack.
The gnoll sergeant is almost dead.
The gnoll sergeant hits you from afar with a +0 trident.
* * * LOW HITPOINT WARNING * * *
The gnoll sergeant barely misses you.
You barely miss the gnoll sergeant.
The gnoll sergeant is almost dead.
The gnoll sergeant hits you from afar with a +0 trident.
* * * LOW HITPOINT WARNING * * *
The gnoll sergeant hits you with a +0 spear.
* * * LOW HITPOINT WARNING * * *
Press: ? - help, v - describe, . - travel
Here: a gnoll sergeant, wielding a +0 spear, wearing a +0 scale mail and wearing a +0 kite shield (almost dead, heavily drained)
The floor.
Unknown command.
The gnoll sergeant blocks your attack.
The gnoll sergeant is almost dead.
The gnoll sergeant hits you but does no damage. x2
You hit the gnoll sergeant.
You kill the gnoll sergeant!
The gnoll sergeant hits you from afar with a +0 trident.
* * * LOW HITPOINT WARNING * * *
The gnoll sergeant hits you but does no damage.
You hit the gnoll sergeant.
The gnoll sergeant is lightly wounded.
The gnoll sergeant hits you but does no damage.
You hit the gnoll sergeant but do no damage.
You drain the gnoll sergeant.
You punch the gnoll sergeant, but do no damage.
The gnoll sergeant is moderately wounded.
The gnoll sergeant hits you with a +0 trident!
You die...

... #.. ... ...##..
#.. ....#''#...
#........ #...
###......#### # #..#
..'......'..# .#
#..##..'....g.'..##.#
#...####...)@)## #..#
#....##....)...##...#
#........#''#.......#
#.......##.)##).)..##
#.......##.?##.....#
#.####...####)....##
#.# #....##.......##
#.#
##.....[)รท#......
#g# #######.......#.


You could see a gnoll sergeant (drained).

Vanquished Creatures
  Pargi (Sewer)
  2 black bears
  An ogre (D:4)
  A wolf (D:5)
  A lemure (D:5)
  A necrophage (D:3)
  2 gnoll sergeants (D:5)
  Crazy Yiuf (D:3)
  An orc priest (D:5)
  2 gnoll boudas (D:5)
  5 hounds (D:5)
  Ijyb (D:3)
  Jessica (D:3)
  3 iguanas
  Natasha (thrice) (D:4)
  2 orc wizards (D:5)
  18 gnolls
  4 adders
  2 river rats (D:4)
  A white imp (D:5)
  An ufetubus (D:4)
  2 dart slugs
  4 orcs
  4 ball pythons
  10 bats
  An endoplasm (D:4)
  4 giant cockroaches
  4 goblins
  2 hobgoblins
  7 jackals
  3 kobolds
  6 quokkas (D:4)
  3 frilled lizards
  4 rats
108 creatures vanquished.

Vanquished Creatures (collateral kills)
  A lemure (D:5)
1 creature vanquished.

Vanquished Creatures (others)
  A plant (D:1)
1 creature vanquished.

Grand Total: 110 creatures vanquished

Notes
Turn   | Place    | Note
-------+----------+-------------------------------------------
     0 | D:1      | lunkers the Demigod Wanderer began the quest for the Orb.
     0 | D:1      | lunkers set off with the following items: a +3 hand axe, a
                  | +0 mace, a scroll of fear, a +0 leather armour.
     0 | D:1      | Reached XP level 1. HP: 19/19 MP: 3/3
   869 | D:2      | Reached skill level 4 in Fighting
   973 | D:2      | Reached XP level 2. HP: 26/27 MP: 4/4
  1164 | D:2      | Identified the +1 robe of Resourcefulness {rCorr}
  1473 | D:3      | Noticed a water elemental
  1473 | D:3      | Noticed Jessica
  1610 | D:3      | Killed Jessica
  1611 | D:3      | Reached XP level 3. HP: 22/35 MP: 5/5
  1648 | D:3      | Noticed an earth elemental
  1649 | D:3      | Noticed a fire elemental
  1649 | D:3      | Noticed an air elemental
  1834 | D:3      | Noticed a black bear
  1844 | D:3      | Killed a black bear
  1845 | D:3      | Reached skill level 5 in Fighting
  1845 | D:3      | Reached XP level 4. HP: 25/44 MP: 6/6
  2060 | D:3      | Found a one-way gate to the infinite horrors of the Abyss.
  2060 | D:3      | Found a transporter.
  2060 | D:3      | Noticed Bl4cKSa5uke's ghost (amateur OpFi)
  2060 | D:3      | Noticed a kobold brigand
  2063 | D:3      | Noticed a small abomination
  2109 | D:3      | Noticed Ijyb
  2119 | D:3      | Killed Ijyb
  2120 | D:3      | Reached XP level 5. HP: 45/50 MP: 7/7
  2123 | D:3      | Found a transporter.
  2296 | D:3      | Reached skill level 6 in Fighting
  2835 | D:3      | Found a runed translucent door.
  2836 | D:3      | Noticed Crazy Yiuf
  2967 | D:3      | HP: 1/50 [Crazy Yiuf/+2 quarterstaff of chaos (14)]
  2969 | D:3      | Killed Crazy Yiuf
  3449 | D:4      | Noticed Natasha
  3452 | D:4      | Found a staircase to the Ecumenical Temple.
  3459 | D:4      | Killed Natasha
  3460 | D:4      | Reached XP level 6. HP: 40/57 MP: 8/8
  3604 | D:4      | Found a glowing drain.
  3706 | Sewer    | Entered a sewer
  3861 | Sewer    | Noticed Pargi
  3888 | Sewer    | Killed Pargi
  3889 | Sewer    | Reached XP level 7. HP: 47/64 MP: 9/9
  4447 | D:4      | Noticed Natasha
  4454 | D:4      | Killed Natasha
  4538 | D:4      | Noticed Natasha
  4547 | D:4      | Killed Natasha
  4650 | D:5      | Entered Level 5 of the Dungeon
  4698 | D:5      | Reached skill level 5 in Maces & Flails
  4707 | D:5      | Reached skill level 7 in Fighting
  5377 | D:5      | Reached XP level 8. HP: 57/73 MP: 10/10
  5444 | D:5      | Noticed Pikel
  5807 | D:5      | HP: 2/73 [gnoll sergeant/+0 trident (9)]
  5822 | D:5      | Slain by a gnoll sergeant

Illustrated notes

Levels and vault maps discovered:
D:1:      wheals_arrival_shading, layout_loops_ring,
          shapermc_ecumenical_altar_venn, serial_bayou, serial_bayou_crossing,
          serial_bayou_pond_e, serial_bayou_pond_c, serial_bayou_lagoon_a,
          serial_bayou_shore_b, serial_bayou_pond_d
D:2:      layout_rooms
D:3:      layout_basic, nicolae_qazlal_style_of_elements,
          nicolae_overflow_two_pavilions, gammafunk_ghost_abyssal_escape,
          uniq_ijyb, uniq_crazy_yiuf_cottage, uniq_jessica
D:4:      layout_gridville, minmay_temple_entry_arrows, gup_sewer_entry_bubbles,
          uniq_natasha
D:5:      layout_cave_pools, nicolae_dithmenos_through_a_glass_darkly,
          lemuel_zombie_altar_yredelemnul, serial_gnoll_camp,
          gnoll_camp_huts_basic, grums_kennel, gnoll_camp_mini_loothouse,
          gnoll_camp_medium_02, minmay_circle_x, uniq_pikel

Skill      XL: |  1  2  3  4  5  6  7 |
---------------+----------------------+-----
Fighting       | 4 5 6 7 |  7.6
Maces & Flails | 3 4 6 |  6.9
Axes           | |  1.7
Armour         | |  1.0
Dodging        | |  1.0
Evocations     | |  1.0

Action                   |  1- 3 |  4- 6 |  7- 9 || total
-------------------------+-------+-------+-------++-------
Melee: Hand axe          |    49 |   130 |   194 ||   373
       Punch             |     1 |       |     4 ||     5
Evoke: Wand              |       |     6 |       ||     6
  Use: Scroll            |     3 |     8 |     3 ||    14
       Potion            |       |     2 |     3 ||     5
 Stab: Sleeping          |     1 |       |       ||     1
       Invisible         |       |     1 |       ||     1
       Distracted        |       |       |     1 ||     1
Armor: Leather armour    |     6 |       |       ||     6
       Robe              |     8 |    13 |       ||    21
       Chain mail        |       |    71 |   188 ||   259
Dodge: Dodged            |    41 |    72 |   125 ||   238

Table legend: (Time is in decaauts)
 A = Elapsed time spent in this place.
 B = Non-inter-level travel time spent in this place.
 C = Inter-level travel time spent in this place.
 D = Time resting spent in this place.
 E = Time spent auto-exploring this place.
 F = Levels seen in this place.
 G = Mean time per level.
                   A        B        C        D        E       F      G
               +--------+--------+--------+--------+--------+-----+--------+
         Total |   5930 |   5690 |    240 |    834 |   3834 |   6 |  988.3 |
       Dungeon |   5695 |   5455 |    240 |    834 |   3696 |   5 | 1139.0 |
         Sewer |    234 |    234 |      0 |      0 |    138 |   1 |  234.0 |
               +--------+--------+--------+--------+--------+-----+--------+

Top non-repeatable levels by time:
     D:3: 1637 daAuts
     D:4: 1500 daAuts
     D:5: 934 daAuts
     D:1: 885 daAuts
     D:2: 737 daAuts
   Sewer: 234 daAuts
